 Dungeon Crawl Stone Soup version 0.29.1-4-g47bece8355 (webtiles) character file.

Game seed: 14551084501763799237

22 fantasyman the Trooper (level 3, 30/30 HPs)
             Began as a Formicid Berserker on Dec 10, 2022.
             Was a Follower of Trog.
             Got out of the dungeon alive.
             The game lasted 00:01:57 (1495 turns).

fantasyman the Trooper (Formicid Berserker)         Turns: 1495, Time: 00:01:57

Health: 30/30      AC:  2    Str: 23    XL:     3   Next: 7%
Magic:  3/3        EV: 12    Int:  6    God:    Trog [*.....]
Gold:   29         SH:  0    Dex: 13    Spells: 2/2 levels left

rFire   . . .      SeeInvis +   a - +0 mace
rCold   . . .      Faith    .   (no shield)
rNeg    . . .      Spirit   .   b - +0 animal skin
rPois   .          Reflect  .   (helmet unavailable)
rElec   .          Harm     .   (no cloak)
rCorr   .          Rampage  .   (no gloves)
Will    .....                   (no boots)
Stlth   +.........              (no amulet)
HPRegen 0.10/turn               (no ring)
MPRegen 0.08/turn               (no ring)

@: no status effects
A: permanent stasis, dig shafts and tunnels, antennae 3, four strong arms
a: Dig, Shaft Self, Renounce Religion


You escaped.
You worshipped Trog.
Trog was aware of your devotion.
You visited 1 branch of the dungeon, and saw 2 of its levels.

You collected 29 gold pieces.

Inventory:

Hand Weapons
 a - a +0 mace (weapon)
Armour
 b - a +0 animal skin (worn)
Jewellery
 g - a +4 ring of protection
Scrolls
 c - a scroll of blinking
 k - a scroll of magic mapping {unknown}
Potions
 d - 2 potions of mutation {unknown}
 f - a potion of resistance {unknown}
 j - a potion of curing {unknown}


   Skills:
 * Level 3.8 Fighting
 * Level 3.4 Maces & Flails
 * Level 2.3 Armour
 - Level 1.7 Dodging
 * Level 0.5 Stealth


You had 2 spell levels left.
You didn't know any spells.
Your spell library was empty.

Dungeon Overview and Level Annotations

Branches:
Dungeon (2/15)

Altars:


Innate Abilities, Weirdness & Mutations

You cannot be hasted, slowed, berserked, paralysed or teleported.
You can dig through walls and to a lower floor.
You have a pair of large antennae on your head. (SInv)
Your four strong arms can wield two-handed weapons with a shield.


Message History

You don't know any spells.
You don't know any spells.
As you read the scroll labelled XIODDO SOEBB, it crumbles to dust.
Your stasis prevents you from teleporting.
It was a scroll of blinking.
As you read the scroll labelled XAMAFI JACYKE, it crumbles to dust.
You feel a strange sense of stasis.
It was a scroll of teleportation.
As you read the scroll labelled NICIWOQAFE, it crumbles to dust.
You hear a loud clanging noise!
It was a scroll of noise.
You hear an angry hiss.
You hear a shout! x2
As you read the scroll labelled NUTZUUM QANIE, it crumbles to dust.
A profound silence engulfs you.
It was a scroll of silence.
No item to drop.
There are no items here.
Unknown command.
(D) Dungeon
Where to? (Enter - D:2, ? - help)
What level of the Dungeon? (default 1, ? - help)
A frilled lizard comes into view.
There is a stone staircase leading up here.
You see here a scroll labelled XISALI TAUTHRUM.
You sock the frilled lizard!
You kill the frilled lizard!
Trog accepts your kill.
No target in view!
No target in view!
(D) Dungeon
Where to? (Enter - D:1, ? - help)
What level of the Dungeon? (default 1, ? - help)
There is a stone staircase leading up here.
You see here a scroll labelled XISALI TAUTHRUM.
You climb upwards.
There is a stone staircase leading down here.
Your hearing returns.
There is an open door here.
There is a staircase leading out of the dungeon here.
You can't go down here!
Are you sure you want to leave the Dungeon?
This will make you lose the game!
You have escaped!

##.....### ######### #......
##.....# ###.......### #......
##.)...###..#######..## #......
.#.....##.####....###.## #......
.......#.###.(####..##.## #......
..'#####.##.###..###.##.###......
.##.# #.##.## ###.###.#.#........
###.# #.##.## ###.##.##.##......
..#.###.###.## #@##.#.##.##.#....
.###.###.###.####.#.##.#.##......
.####.###..####..##.##.#.##......
..# ##..###....###.###.#.##......
..###'##..######..###.##.#.......
.......###......####.####'.......
.......+.########...## ##.......
....:..##........#### #.......
#......##########'# #####.......


There were no monsters in sight!

Vanquished Creatures
  4 endoplasms
  A giant cockroach (D:1)
  2 hobgoblins (D:1)
  3 jackals (D:1)
  A ball python (D:1)
  A bat (D:1)
  2 frilled lizards
  6 kobolds
  A rat (D:1)
21 creatures vanquished.

Notes
Turn   | Place    | Note
-------+----------+-------------------------------------------
     0 | D:1      | fantasyman the Formicid Berserker began the quest for the
                  | Orb.
     0 | D:1      | Reached XP level 1. HP: 18/18 MP: 1/1
    46 | D:1      | Reached XP level 2. HP: 6/24 MP: 2/2
  1398 | D:2      | Reached XP level 3. HP: 30/30 MP: 3/3
  1495 | D:$      | Got out of the dungeon alive.

Illustrated notes

Levels and vault maps discovered:
D:1:      dpeg_arrival_solitude, layout_basic
D:2:      layout_basic, minmay_heptomino_l4

Action                   || total
-------------------------++-------
Melee: Mace              ||    47
       Punch             ||     1
 Abil: Dig               ||     1
  Use: Scroll            ||     4
 Stab: Sleeping          ||     3
Armor: Animal skin       ||     9
Dodge: Dodged            ||    35
